[ PARTIDA AOE2 · #465716632 ]
Team RMJemeres vs Magyars
[ ANÁLISIS DE REPETICIÓN · EXTRAÍDO DE LA PARTIDA GRABADA ]
Feudal
9:50
Castillos
22:50
Imperial
38:51
| APM promedio | 64.4 |
| APM pico | 102 |
| eAPM promedio | 29.9 |
| Aldeanos / militares | 112 / 91 |
Foco
⚔️ 22.4% · 🌾 77.6%
Battle Elephant ×55 · Knight ×21 · Scout Cavalry ×13 · Trebuchet (Packed) ×2
Feudal
13:01
Castillos
18:47
Imperial
—
| APM promedio | 49.2 |
| APM pico | 83 |
| eAPM promedio | 28.4 |
| Aldeanos / militares | 127 / 31 |
Foco
⚔️ 32.6% · 🌾 67.4%
Scout Cavalry ×21 · Militia ×3 · Spearman ×3 · Monk ×2 · Battering Ram ×2
Feudal
11:00
Castillos
25:19
Imperial
—
| APM promedio | 40.0 |
| APM pico | 73 |
| eAPM promedio | 18.6 |
| Aldeanos / militares | 137 / 106 |
Foco
⚔️ 31.3% · 🌾 68.7%
Knight ×47 · Scout Cavalry ×27 · Magyar Huszar ×22 · Spearman ×7 · Battering Ram ×2 · Monk ×1
Feudal
9:59
Castillos
23:33
Imperial
—
| APM promedio | 38.6 |
| APM pico | 117 |
| eAPM promedio | 20.9 |
| Aldeanos / militares | 154 / 43 |
Foco
⚔️ 20.7% · 🌾 79.3%
Serjeant ×39 · Spearman ×4
Mapa de la partida
Recursos iniciales + cada clic de construcción. Líneas = muros · curvas = relieve. ◆ oro · ⬟ piedra · ● bayas · ✦ reliquia · ◌ hueco del cierre
Inputs por minuto
— FUZZY - - TomRiddle
Build order — FUZZY
Primeras 150 de 340 acciones detectadas
| 0:01 | Crear | Villager (Male) |
| 0:02 | Crear | Villager (Male) |
| 0:02 | Crear | Villager (Male) |
| 0:04 | Construir | House |
| 0:05 | Construir | House |
| 0:10 | Crear | Villager (Male) |
| 1:31 | Crear | Villager (Male) |
| 2:02 | Crear | Villager (Male) |
| 2:27 | Crear | Villager (Male) |
| 2:58 | Crear | Villager (Male) |
| 3:05 | Construir | Lumber Camp |
| 3:15 | Crear | Villager (Male) |
| 3:48 | Crear | Villager (Male) |
| 3:55 | Construir | House |
| 4:09 | Crear | Villager (Male) |
| 4:15 | Crear | Villager (Male) |
| 5:00 | Crear | Villager (Male) |
| 5:32 | Construir | Mill |
| 5:33 | Crear | Villager (Male) |
| 5:52 | Crear | Villager (Male) |
| 6:23 | Crear | Villager (Male) |
| 6:38 | Construir | Mill |
| 6:52 | Investigar | Loom |
| 7:05 | Construir | House |
| 7:40 | Investigar | Feudal Age |
| 8:52 | Crear | Villager (Male) |
| 9:50 | Edad | Edad Feudal |
| 9:50 | Crear | Villager (Male) |
| 9:55 | Construir | Stable |
| 9:59 | Investigar | Double-Bit Axe |
| 10:17 | Crear | Villager (Male) |
| 10:44 | Crear | Scout Cavalry |
| 10:45 | Crear | Scout Cavalry |
| 10:48 | Construir | House |
| 10:49 | Construir | House |
| 11:00 | Crear | Villager (Male) |
| 11:24 | Crear | Villager (Male) |
| 11:27 | Construir | Mill |
| 11:50 | Crear | Scout Cavalry |
| 12:07 | Crear | Villager (Male) |
| 12:07 | Crear | Villager (Male) |
| 12:19 | Crear | Scout Cavalry |
| 12:30 | Crear | Villager (Male) |
| 13:01 | Crear | Villager (Male) |
| 13:04 | Construir | Farm |
| 13:13 | Crear | Scout Cavalry |
| 13:32 | Crear | Scout Cavalry |
| 13:58 | Crear | Villager (Male) |
| 13:58 | Crear | Villager (Male) |
| 14:00 | Construir | Farm |
| 14:00 | Construir | Farm |
| 14:23 | Crear | Villager (Male) |
| 14:26 | Construir | Farm |
| 14:28 | Investigar | Horse Collar |
| 14:49 | Crear | Villager (Male) |
| 14:50 | Construir | Farm |
| 15:07 | Crear | Scout Cavalry |
| 15:10 | Construir | House |
| 15:37 | Crear | Villager (Male) |
| 15:44 | Construir | Mining Camp |
| 15:48 | Crear | Villager (Male) |
| 15:58 | Crear | Villager (Male) |
| 16:43 | Crear | Scout Cavalry |
| 17:13 | Crear | Scout Cavalry |
| 17:26 | Crear | Villager (Male) |
| 17:27 | Construir | Farm |
| 17:30 | Construir | Farm |
| 17:35 | Construir | Farm |
| 17:36 | Construir | Farm |
| 17:41 | Crear | Villager (Male) |
| 17:50 | Crear | Scout Cavalry |
| 17:55 | Construir | House |
| 18:14 | Construir | Farm |
| 18:17 | Crear | Scout Cavalry |
| 18:18 | Crear | Villager (Male) |
| 18:45 | Construir | Farm |
| 18:46 | Construir | Farm |
| 18:46 | Construir | Farm |
| 19:07 | Construir | Farm |
| 19:07 | Crear | Villager (Male) |
| 19:33 | Crear | Villager (Male) |
| 19:40 | Construir | House |
| 20:10 | Investigar | Castle Age |
| 20:10 | Investigar | Castle Age |
| 20:37 | Crear | Scout Cavalry |
| 21:01 | Construir | Blacksmith |
| 21:03 | Crear | Scout Cavalry |
| 21:47 | Construir | Stable |
| 21:49 | Investigar | Bloodlines |
| 22:01 | Crear | Villager (Male) |
| 22:38 | Investigar | Scale Barding Armor |
| 22:48 | Construir | House |
| 22:50 | Edad | Edad de los Castillos |
| 23:16 | Construir | Town Center |
| 23:20 | Crear | Villager (Male) |
| 23:31 | Investigar | Forging |
| 23:32 | Crear | Knight |
| 23:51 | Crear | Villager (Male) |
| 24:16 | Construir | Farm |
| 24:17 | Crear | Villager (Male) |
| 24:18 | Crear | Villager (Male) |
| 24:20 | Crear | Villager (Male) |
| 24:31 | Crear | Knight |
| 24:37 | Construir | Farm |
| 24:44 | Crear | Knight |
| 24:44 | Crear | Knight |
| 24:57 | Construir | Farm |
| 24:57 | Construir | Farm |
| 24:58 | Construir | Farm |
| 25:05 | Crear | Knight |
| 25:12 | Crear | Knight |
| 25:49 | Crear | Villager (Male) |
| 25:50 | Crear | Villager (Male) |
| 26:24 | Crear | Villager (Male) |
| 26:25 | Crear | Villager (Male) |
| 26:28 | Construir | Town Center |
| 26:33 | Crear | Villager (Male) |
| 26:35 | Crear | Knight |
| 26:35 | Crear | Knight |
| 27:01 | Crear | Villager (Male) |
| 27:01 | Crear | Villager (Male) |
| 27:03 | Crear | Knight |
| 27:04 | Crear | Knight |
| 27:04 | Crear | Knight |
| 27:07 | Construir | Farm |
| 27:07 | Construir | Farm |
| 27:07 | Construir | Farm |
| 27:07 | Construir | Farm |
| 27:08 | Construir | Farm |
| 27:28 | Crear | Villager (Male) |
| 27:28 | Crear | Villager (Male) |
| 27:44 | Crear | Villager (Male) |
| 27:45 | Construir | Farm |
| 27:47 | Construir | Farm |
| 27:57 | Crear | Villager (Male) |
| 27:58 | Crear | Villager (Male) |
| 28:01 | Crear | Villager (Male) |
| 28:15 | Crear | Knight |
| 28:23 | Crear | Villager (Male) |
| 28:25 | Construir | Farm |
| 28:27 | Construir | Farm |
| 28:28 | Construir | Farm |
| 28:28 | Construir | Farm |
| 28:28 | Construir | Farm |
| 28:47 | Crear | Villager (Male) |
| 28:48 | Crear | Villager (Male) |
| 28:50 | Investigar | Husbandry |
| 28:55 | Crear | Villager (Male) |
| 28:56 | Construir | Farm |
| 29:06 | Crear | Villager (Male) |
Build order — TomRiddle
Primeras 150 de 323 acciones detectadas
| 0:00 | Crear | Villager (Male) |
| 0:02 | Construir | House |
| 0:05 | Construir | House |
| 0:17 | Crear | Villager (Male) |
| 0:17 | Crear | Villager (Male) |
| 0:18 | Crear | Villager (Male) |
| 0:18 | Crear | Villager (Male) |
| 1:24 | Crear | Villager (Male) |
| 1:24 | Crear | Villager (Male) |
| 1:47 | Crear | Villager (Male) |
| 1:49 | Construir | Lumber Camp |
| 2:21 | Crear | Villager (Male) |
| 2:21 | Crear | Villager (Male) |
| 2:48 | Construir | House |
| 2:53 | Crear | Villager (Male) |
| 2:53 | Crear | Villager (Male) |
| 3:12 | Crear | Villager (Male) |
| 3:12 | Crear | Villager (Male) |
| 3:27 | Crear | Villager (Male) |
| 3:27 | Crear | Villager (Male) |
| 4:07 | Crear | Villager (Male) |
| 4:16 | Construir | House |
| 4:26 | Crear | Villager (Male) |
| 4:55 | Crear | Villager (Male) |
| 5:05 | Construir | Barracks |
| 5:11 | Crear | Villager (Male) |
| 5:39 | Construir | House |
| 5:49 | Crear | Villager (Male) |
| 5:57 | Construir | House |
| 6:04 | Crear | Militia |
| 6:04 | Crear | Militia |
| 6:09 | Crear | Villager (Male) |
| 6:35 | Crear | Militia |
| 6:40 | Crear | Villager (Male) |
| 7:04 | Crear | Villager (Male) |
| 7:10 | Construir | Mill |
| 7:18 | Crear | Villager (Male) |
| 7:27 | Crear | Villager (Male) |
| 7:42 | Construir | Farm |
| 8:11 | Crear | Villager (Male) |
| 8:16 | Construir | Farm |
| 8:18 | Construir | Farm |
| 8:21 | Crear | Villager (Male) |
| 8:48 | Crear | Villager (Male) |
| 8:51 | Construir | House |
| 9:11 | Construir | Farm |
| 9:12 | Construir | Farm |
| 9:21 | Construir | House |
| 9:28 | Construir | Farm |
| 9:29 | Crear | Villager (Male) |
| 9:44 | Construir | Farm |
| 10:00 | Crear | Villager (Male) |
| 10:06 | Construir | Farm |
| 10:23 | Investigar | Feudal Age |
| 10:24 | Investigar | Feudal Age |
| 10:26 | Investigar | Loom |
| 10:28 | Investigar | Feudal Age |
| 10:55 | Construir | Lumber Camp |
| 12:17 | Crear | Villager (Male) |
| 12:20 | Construir | Palisade Wall |
| 12:22 | Construir | Palisade Wall |
| 12:23 | Construir | Palisade Wall |
| 12:42 | Construir | Palisade Wall |
| 12:43 | Construir | Palisade Wall |
| 13:01 | Edad | Edad Feudal |
| 13:03 | Crear | Villager (Male) |
| 13:06 | Crear | Spearman |
| 13:06 | Crear | Spearman |
| 13:15 | Investigar | Double-Bit Axe |
| 13:15 | Investigar | Double-Bit Axe |
| 13:26 | Construir | Market |
| 13:28 | Construir | Blacksmith |
| 13:31 | Construir | Stable |
| 13:49 | Crear | Villager (Male) |
| 13:59 | Crear | Spearman |
| 14:10 | Crear | Villager (Male) |
| 14:21 | Crear | Villager (Male) |
| 14:24 | Construir | Farm |
| 14:25 | Construir | Farm |
| 14:26 | Construir | Farm |
| 14:54 | Construir | Farm |
| 14:55 | Construir | Farm |
| 15:09 | Construir | Mining Camp |
| 15:09 | Crear | Villager (Male) |
| 15:26 | Construir | Farm |
| 15:29 | Crear | Villager (Male) |
| 16:07 | Investigar | Castle Age |
| 16:07 | Investigar | Castle Age |
| 16:54 | Construir | Blacksmith |
| 16:59 | Construir | Blacksmith |
| 17:12 | Investigar | Bloodlines |
| 17:12 | Investigar | Bloodlines |
| 17:28 | Investigar | Horse Collar |
| 17:44 | Investigar | Scale Barding Armor |
| 17:44 | Investigar | Scale Barding Armor |
| 18:09 | Crear | Villager (Male) |
| 18:10 | Crear | Scout Cavalry |
| 18:17 | Construir | Farm |
| 18:17 | Construir | Farm |
| 18:18 | Construir | Farm |
| 18:46 | Crear | Villager (Male) |
| 18:47 | Edad | Edad de los Castillos |
| 19:34 | Construir | Lumber Camp |
| 19:38 | Crear | Scout Cavalry |
| 19:41 | Crear | Villager (Male) |
| 19:49 | Construir | Farm |
| 19:51 | Construir | Farm |
| 19:51 | Construir | Farm |
| 19:58 | Investigar | Light Cavalry (upgrade) |
| 19:59 | Investigar | Light Cavalry (upgrade) |
| 20:08 | Crear | Villager (Male) |
| 20:23 | Construir | Farm |
| 20:24 | Construir | House |
| 20:26 | Construir | House |
| 20:29 | Crear | Villager (Male) |
| 20:46 | Crear | Villager (Male) |
| 20:47 | Construir | Farm |
| 20:47 | Construir | Farm |
| 20:58 | Construir | Farm |
| 21:01 | Crear | Villager (Male) |
| 21:16 | Crear | Scout Cavalry |
| 21:33 | Crear | Villager (Male) |
| 21:35 | Construir | Farm |
| 21:48 | Crear | Scout Cavalry |
| 22:02 | Construir | Farm |
| 22:03 | Construir | Farm |
| 22:04 | Construir | Farm |
| 22:20 | Crear | Villager (Male) |
| 22:41 | Crear | Villager (Male) |
| 22:42 | Crear | Scout Cavalry |
| 23:02 | Crear | Villager (Male) |
| 23:05 | Construir | Stable |
| 23:08 | Construir | Stable |
| 23:11 | Construir | Farm |
| 23:12 | Construir | Farm |
| 23:13 | Investigar | Husbandry |
| 23:14 | Investigar | Husbandry |
| 23:35 | Construir | House |
| 23:35 | Construir | House |
| 23:55 | Crear | Villager (Male) |
| 23:58 | Crear | Scout Cavalry |
| 24:06 | Crear | Scout Cavalry |
| 24:15 | Crear | Villager (Male) |
| 24:21 | Construir | Farm |
| 24:22 | Construir | Farm |
| 24:31 | Crear | Scout Cavalry |
| 24:32 | Crear | Villager (Male) |
| 24:36 | Construir | Farm |
| 24:36 | Construir | Farm |
| 24:38 | Crear | Scout Cavalry |
Build order — gjizhijian6866
Primeras 150 de 388 acciones detectadas
| 0:04 | Crear | Villager (Male) |
| 0:04 | Crear | Villager (Male) |
| 0:05 | Crear | Villager (Male) |
| 0:05 | Crear | Villager (Male) |
| 0:06 | Construir | House |
| 0:07 | Construir | House |
| 1:36 | Crear | Villager (Male) |
| 2:13 | Crear | Villager (Male) |
| 2:13 | Crear | Villager (Male) |
| 2:13 | Crear | Villager (Male) |
| 2:29 | Crear | Villager (Male) |
| 2:29 | Crear | Villager (Male) |
| 2:29 | Crear | Villager (Male) |
| 3:02 | Crear | Villager (Male) |
| 3:02 | Crear | Villager (Male) |
| 3:10 | Crear | Villager (Male) |
| 3:10 | Crear | Villager (Male) |
| 3:32 | Construir | House |
| 3:36 | Crear | Villager (Male) |
| 3:36 | Crear | Villager (Male) |
| 3:44 | Crear | Villager (Male) |
| 3:45 | Crear | Villager (Male) |
| 3:45 | Crear | Villager (Male) |
| 4:26 | Crear | Villager (Male) |
| 4:26 | Crear | Villager (Male) |
| 4:26 | Crear | Villager (Male) |
| 5:08 | Crear | Villager (Male) |
| 5:09 | Crear | Villager (Male) |
| 5:10 | Crear | Villager (Male) |
| 5:10 | Crear | Villager (Male) |
| 5:11 | Crear | Villager (Male) |
| 5:19 | Construir | House |
| 5:43 | Construir | Mill |
| 6:33 | Construir | Mill |
| 6:39 | Crear | Villager (Male) |
| 7:01 | Crear | Villager (Male) |
| 7:11 | Investigar | Loom |
| 7:11 | Investigar | Loom |
| 7:43 | Crear | Villager (Male) |
| 7:51 | Construir | Farm |
| 8:02 | Construir | Lumber Camp |
| 8:20 | Crear | Villager (Male) |
| 8:29 | Construir | Lumber Camp |
| 8:50 | Investigar | Feudal Age |
| 8:51 | Investigar | Feudal Age |
| 9:33 | Construir | Barracks |
| 10:01 | Construir | House |
| 11:00 | Edad | Edad Feudal |
| 11:02 | Crear | Villager (Male) |
| 11:03 | Construir | Stable |
| 11:06 | Investigar | Double-Bit Axe |
| 11:06 | Investigar | Double-Bit Axe |
| 11:12 | Crear | Villager (Male) |
| 11:15 | Construir | House |
| 11:40 | Crear | Villager (Male) |
| 11:45 | Crear | Scout Cavalry |
| 11:45 | Crear | Scout Cavalry |
| 11:52 | Crear | Scout Cavalry |
| 11:56 | Investigar | Horse Collar |
| 11:56 | Investigar | Horse Collar |
| 11:56 | Investigar | Horse Collar |
| 12:02 | Construir | Farm |
| 12:20 | Crear | Villager (Male) |
| 12:22 | Construir | Farm |
| 12:42 | Construir | Farm |
| 12:50 | Crear | Villager (Male) |
| 13:05 | Construir | Farm |
| 13:10 | Crear | Villager (Male) |
| 13:13 | Crear | Scout Cavalry |
| 13:20 | Construir | House |
| 13:28 | Construir | Farm |
| 13:32 | Crear | Villager (Male) |
| 13:41 | Crear | Scout Cavalry |
| 13:48 | Crear | Villager (Male) |
| 14:07 | Crear | Scout Cavalry |
| 14:24 | Crear | Villager (Male) |
| 14:26 | Construir | Farm |
| 14:28 | Construir | Farm |
| 14:31 | Crear | Scout Cavalry |
| 14:42 | Construir | Farm |
| 14:45 | Crear | Villager (Male) |
| 14:56 | Construir | Farm |
| 15:00 | Crear | Villager (Male) |
| 15:27 | Crear | Villager (Male) |
| 15:42 | Construir | Watch Tower |
| 15:50 | Construir | Lumber Camp |
| 15:59 | Crear | Villager (Male) |
| 16:15 | Investigar | Town Watch |
| 16:20 | Construir | House |
| 16:34 | Crear | Spearman |
| 16:42 | Crear | Villager (Male) |
| 16:59 | Crear | Villager (Male) |
| 17:03 | Construir | Mill |
| 17:20 | Crear | Villager (Male) |
| 17:27 | Crear | Scout Cavalry |
| 17:33 | Construir | Farm |
| 17:44 | Crear | Villager (Male) |
| 17:48 | Construir | Farm |
| 17:56 | Construir | House |
| 18:02 | Crear | Scout Cavalry |
| 18:17 | Crear | Villager (Male) |
| 18:20 | Construir | Farm |
| 18:29 | Construir | Watch Tower |
| 18:34 | Crear | Scout Cavalry |
| 18:38 | Construir | Blacksmith |
| 18:49 | Crear | Villager (Male) |
| 18:58 | Crear | Villager (Male) |
| 19:01 | Crear | Scout Cavalry |
| 19:18 | Construir | House |
| 19:26 | Investigar | Scale Barding Armor |
| 19:26 | Investigar | Scale Barding Armor |
| 19:32 | Construir | House |
| 19:35 | Crear | Villager (Male) |
| 19:39 | Construir | Mining Camp |
| 19:47 | Construir | Palisade Wall |
| 19:53 | Construir | Building 665 |
| 19:58 | Crear | Scout Cavalry |
| 19:59 | Crear | Villager (Male) |
| 20:05 | Construir | House |
| 20:07 | Construir | House |
| 20:21 | Crear | Villager (Male) |
| 20:24 | Construir | Farm |
| 20:37 | Crear | Villager (Male) |
| 20:55 | Construir | Market |
| 21:14 | Crear | Villager (Male) |
| 21:24 | Construir | House |
| 21:37 | Crear | Villager (Male) |
| 21:55 | Crear | Villager (Male) |
| 22:02 | Construir | Farm |
| 22:04 | Construir | Farm |
| 22:13 | Construir | Farm |
| 22:28 | Construir | Farm |
| 22:32 | Construir | Farm |
| 22:39 | Investigar | Castle Age |
| 22:40 | Investigar | Castle Age |
| 23:20 | Investigar | Stone Mining |
| 23:20 | Investigar | Stone Mining |
| 23:39 | Investigar | Bloodlines |
| 23:40 | Investigar | Bloodlines |
| 23:45 | Construir | Stable |
| 24:21 | Construir | Farm |
| 24:42 | Crear | Scout Cavalry |
| 24:43 | Crear | Scout Cavalry |
| 24:49 | Construir | House |
| 24:52 | Construir | House |
| 25:08 | Crear | Scout Cavalry |
| 25:08 | Crear | Scout Cavalry |
| 25:19 | Edad | Edad de los Castillos |
| 25:26 | Crear | Villager (Male) |
| 25:33 | Investigar | Light Cavalry (upgrade) |
Build order — Jacus
Primeras 150 de 376 acciones detectadas
| 0:00 | Crear | Villager (Male) |
| 0:01 | Crear | Villager (Male) |
| 0:02 | Construir | House |
| 0:04 | Construir | House |
| 0:15 | Crear | Villager (Male) |
| 0:33 | Crear | Villager (Male) |
| 1:52 | Crear | Villager (Male) |
| 1:52 | Crear | Villager (Male) |
| 2:32 | Crear | Villager (Male) |
| 3:03 | Crear | Villager (Male) |
| 3:11 | Construir | House |
| 3:27 | Crear | Villager (Male) |
| 4:01 | Crear | Villager (Male) |
| 4:01 | Crear | Villager (Male) |
| 4:02 | Crear | Villager (Male) |
| 4:51 | Construir | Lumber Camp |
| 4:54 | Crear | Villager (Male) |
| 4:54 | Crear | Villager (Male) |
| 5:40 | Crear | Villager (Male) |
| 5:43 | Investigar | Loom |
| 6:24 | Crear | Villager (Male) |
| 6:32 | Construir | House |
| 7:04 | Construir | House |
| 7:08 | Construir | Mill |
| 7:10 | Crear | Villager (Male) |
| 7:49 | Investigar | Feudal Age |
| 8:01 | Construir | Mining Camp |
| 8:59 | Crear | Villager (Male) |
| 9:23 | Construir | Donjon |
| 9:28 | Crear | Villager (Male) |
| 9:59 | Edad | Edad Feudal |
| 10:07 | Construir | Market |
| 10:10 | Crear | Villager (Male) |
| 10:22 | Investigar | Double-Bit Axe |
| 10:31 | Crear | Spearman |
| 10:43 | Construir | House |
| 10:56 | Crear | Serjeant |
| 10:56 | Crear | Serjeant |
| 11:00 | Crear | Villager (Male) |
| 11:04 | Construir | Palisade Wall |
| 11:09 | Construir | Palisade Wall |
| 11:16 | Investigar | Horse Collar |
| 11:17 | Investigar | Horse Collar |
| 11:30 | Crear | Villager (Male) |
| 11:51 | Crear | Serjeant |
| 11:52 | Crear | Villager (Male) |
| 11:57 | Construir | Farm |
| 12:03 | Construir | Farm |
| 12:14 | Crear | Villager (Male) |
| 12:30 | Crear | Villager (Male) |
| 12:34 | Crear | Serjeant |
| 12:37 | Construir | House |
| 12:57 | Crear | Serjeant |
| 13:09 | Construir | House |
| 13:25 | Crear | Villager (Male) |
| 14:02 | Crear | Villager (Male) |
| 14:02 | Crear | Villager (Male) |
| 14:14 | Crear | Spearman |
| 14:14 | Crear | Spearman |
| 14:20 | Construir | Donjon |
| 14:45 | Crear | Villager (Male) |
| 14:57 | Crear | Villager (Male) |
| 15:04 | Construir | House |
| 15:07 | Construir | House |
| 15:12 | Construir | Palisade Wall |
| 15:14 | Construir | Palisade Wall |
| 15:23 | Crear | Villager (Male) |
| 15:27 | Construir | Farm |
| 15:31 | Construir | Farm |
| 15:45 | Crear | Villager (Male) |
| 15:50 | Construir | Farm |
| 15:52 | Construir | Farm |
| 15:54 | Construir | Farm |
| 15:56 | Construir | Farm |
| 15:59 | Crear | Villager (Male) |
| 16:27 | Construir | Farm |
| 16:40 | Crear | Spearman |
| 16:42 | Crear | Villager (Male) |
| 16:48 | Construir | Farm |
| 16:51 | Construir | Farm |
| 16:53 | Construir | Farm |
| 17:00 | Crear | Villager (Male) |
| 17:14 | Crear | Villager (Male) |
| 17:18 | Construir | Farm |
| 17:26 | Construir | Farm |
| 17:54 | Crear | Villager (Male) |
| 17:59 | Construir | House |
| 18:34 | Investigar | Wheelbarrow |
| 19:06 | Construir | Mining Camp |
| 19:35 | Construir | Donjon |
| 20:02 | Crear | Villager (Male) |
| 20:16 | Crear | Villager (Male) |
| 20:22 | Construir | Blacksmith |
| 20:43 | Construir | Mining Camp |
| 20:53 | Investigar | Castle Age |
| 20:54 | Investigar | Castle Age |
| 21:01 | Investigar | Scale Mail Armor |
| 21:04 | Crear | Serjeant |
| 21:04 | Crear | Serjeant |
| 21:04 | Crear | Serjeant |
| 21:08 | Construir | House |
| 21:17 | Crear | Serjeant |
| 21:48 | Investigar | Forging |
| 21:49 | Investigar | Forging |
| 21:58 | Construir | Farm |
| 22:08 | Crear | Serjeant |
| 22:08 | Crear | Serjeant |
| 22:08 | Crear | Serjeant |
| 22:42 | Construir | House |
| 22:44 | Construir | Palisade Wall |
| 22:59 | Investigar | Fletching |
| 23:01 | Crear | Villager (Male) |
| 23:03 | Crear | Serjeant |
| 23:03 | Crear | Serjeant |
| 23:04 | Crear | Serjeant |
| 23:33 | Edad | Edad de los Castillos |
| 23:58 | Crear | Villager (Male) |
| 24:34 | Construir | Town Center |
| 24:37 | Crear | Villager (Male) |
| 24:55 | Crear | Villager (Male) |
| 25:07 | Crear | Villager (Male) |
| 25:44 | Construir | Castle |
| 25:49 | Construir | Castle |
| 26:02 | Crear | Villager (Male) |
| 26:02 | Crear | Villager (Male) |
| 26:02 | Crear | Villager (Male) |
| 26:03 | Crear | Villager (Male) |
| 26:03 | Crear | Villager (Male) |
| 26:34 | Crear | Villager (Male) |
| 26:47 | Crear | Serjeant |
| 26:47 | Crear | Serjeant |
| 27:04 | Investigar | Chain Mail Armor |
| 27:05 | Investigar | Chain Mail Armor |
| 27:18 | Crear | Serjeant |
| 27:54 | Crear | Villager (Male) |
| 27:54 | Crear | Villager (Male) |
| 27:54 | Crear | Villager (Male) |
| 27:55 | Crear | Villager (Male) |
| 28:44 | Crear | Villager (Male) |
| 28:55 | Crear | Villager (Male) |
| 28:56 | Crear | Villager (Male) |
| 29:07 | Construir | Mining Camp |
| 29:35 | Crear | Villager (Male) |
| 29:35 | Crear | Villager (Male) |
| 29:35 | Crear | Villager (Male) |
| 29:36 | Crear | Villager (Male) |
| 29:50 | Investigar | Stone Mining |
| 29:50 | Investigar | Stone Mining |
| 29:53 | Construir | Farm |
| 29:58 | Crear | Villager (Male) |
Cronología de la partida
| 5:05 | TomRiddle · first_building Barracks |
| 9:23 | Jacus · first_building Donjon |
| 9:33 | gjizhijian6866 · first_building Barracks |
| 9:50 | FUZZY · age_up feudal |
| 9:55 | FUZZY · first_building Stable |
| 9:59 | Jacus · age_up feudal |
| 10:48 | Jacus · first_market_sell 100 stone |
| 11:00 | gjizhijian6866 · age_up feudal |
| 11:03 | gjizhijian6866 · first_building Stable |
| 11:04 | Jacus · wall_segment Palisade Wall x1 |
| 11:09 | Jacus · wall_segment Palisade Wall x1 |
| 11:29 | Jacus · first_market_buy 100 food |
| 12:20 | TomRiddle · wall_segment Palisade Wall x1 |
| 12:22 | TomRiddle · wall_segment Palisade Wall x1 |
| 12:23 | TomRiddle · wall_segment Palisade Wall x1 |
| 12:42 | TomRiddle · wall_segment Palisade Wall x1 |
| 12:43 | TomRiddle · wall_segment Palisade Wall x1 |
| 13:01 | TomRiddle · age_up feudal |
| 13:31 | TomRiddle · first_building Stable |
| 15:00 | TomRiddle · first_market_sell 100 stone |
| 15:12 | Jacus · wall_segment Palisade Wall x2 |
| 15:14 | Jacus · wall_segment Palisade Wall x1 |
| 18:47 | TomRiddle · age_up castle |
| 19:47 | gjizhijian6866 · wall_segment Palisade Wall x1 |
| 22:07 | gjizhijian6866 · first_market_sell 100 stone |
| 22:44 | Jacus · wall_segment Palisade Wall x1 |
| 22:50 | FUZZY · age_up castle |
| 23:33 | Jacus · age_up castle |
| 25:19 | gjizhijian6866 · age_up castle |
| 25:39 | TomRiddle · first_building Castle |
| 25:44 | Jacus · first_building Castle |
| 29:23 | TomRiddle · first_market_buy 100 food |
| 30:41 | gjizhijian6866 · first_building Castle |
| 31:05 | TomRiddle · first_building Siege Workshop |
| 31:23 | gjizhijian6866 · first_building Monastery |
| 35:32 | FUZZY · first_market_sell 100 wood |
| 35:53 | TomRiddle · wall_segment Stone Wall x1 |
| 35:54 | gjizhijian6866 · wall_segment Stone Wall x1 |
| 36:59 | gjizhijian6866 · wall_segment Stone Wall x1 |
| 37:14 | FUZZY · first_building Monastery |
| 38:13 | TomRiddle · wall_segment Stone Wall x1 |
| 38:15 | FUZZY · first_market_buy 100 stone |
| 38:25 | FUZZY · first_building Castle |
| 38:51 | FUZZY · age_up imperial |
| 39:55 | Jacus · first_building Barracks |
| 40:53 | gjizhijian6866 · wall_segment Stone Wall x10 |
| 41:01 | TomRiddle · first_building Monastery |
| 41:40 | gjizhijian6866 · first_building Siege Workshop |
| 46:56 | Jacus · wall_segment Stone Wall x5 |
| 47:00 | Jacus · wall_segment Stone Wall x3 |
| 47:08 | gjizhijian6866 · resign |
[ ANÁLISIS IA · 1 CRÉDITO ]
¿Qué pasó realmente en esta partida?
Wolo.gg analiza cada decisión: build order, eco, micro, errores típicos por bracket. Análisis personalizado por WhatsApp o Discord en 30 segundos.
Guía civ
Jemeres
Guía mapa
Chaos Pit
Perfil
FUZZY